 Dungeon Crawl Stone Soup version 0.20-a0-1015-g2ec8a95 (webtiles) character file.

102 Gorglomux the Grave Robber (level 4, 0/32 HPs)
             Began as a Mummy Necromancer on Apr 15, 2017.
             Was an Initiate of Sif Muna.
             Slain by an iguana (12 damage)
             ... on level 2 of the Dungeon.
             The game lasted 00:09:42 (2635 turns).

Gorglomux the Grave Robber (Mummy Necromancer)      Turns: 2635, Time: 00:09:44

Health: 0/32       AC:  2    Str: 11    XL:     4   Next: 50%
Magic:  10/10      EV: 12    Int: 15    God:    Sif Muna [......]
Gold:   74         SH:  0    Dex: 12    Spells: 2/11 levels left

rFire    x . .     SeeInvis .   l - +0 spear
rCold    + . .     Gourm    .   (no shield)
rNeg     + + +     Faith    .   a - +0 robe
rPois    ∞         Spirit   .   (no helmet)
rElec    .         Reflect  .   (no cloak)
rCorr    .         Harm     .   (no gloves)
MR       .....                  (no boots)
Stlth    ++........             (no amulet)
Regen    0.1/turn               (no ring)
MPRegen  0.2/turn               (no ring)

@: no status effects
A: no food or potions, fire vulnerability, cold resistance 1, negative energy
resistance 3, torment resistance, unbreathing
a: Renounce Religion


You were on level 2 of the Dungeon.
You worshipped Sif Muna.
Sif Muna was noncommittal.
You were not hungry.

You visited 1 branch of the dungeon, and saw 3 of its levels.

You collected 74 gold pieces.

Inventory:

Hand Weapons
 d - a +0 dagger
 l - a +0 spear (weapon)
Armour
 a - a +0 robe (worn)
Jewellery
 e - an uncursed ring of see invisible {unknown}
Scrolls
 c - a scroll of magic mapping {unknown}
 f - 2 scrolls of teleportation {unknown}
 g - a scroll of enchant weapon {unknown}
 h - 2 scrolls of identify {unknown}
 i - a scroll of enchant armour {unknown}
 j - 2 scrolls of remove curse {unknown}
 k - a scroll of fear {unknown}
Books
 b - a book of Necromancy

   Spells                             Type                      Level
   a - Pain                           Necromancy                   1
   b - Animate Skeleton               Necromancy                   1
   c - Vampiric Draining              Necromancy                   3
   d - Regeneration                   Charms/Necromancy            3
   e - Animate Dead                   Necromancy                   4
   f - Control Undead                 Necromancy                   4


   Skills:
 + Level 1.5 Fighting
 - Level 1.5 Dodging
 - Level 1.5 Stealth
 + Level 4.4 Spellcasting
 + Level 4.8 Necromancy


You had 2 spell levels left.
You knew the following spells:

 Your Spells              Type           Power        Failure   Level  Hunger
a - Pain                  Necr           ###.         2%          1    N/A
E - Animate Dead          Necr           N/A          28%         4    N/A
U - Control Undead        Necr           ###.......   28%         4    N/A

Dungeon Overview and Level Annotations

Branches:
Dungeon (3/15)

Altars:
Hepliaklqana
Makhleb
Nemelex Xobeh
Qazlal
Sif Muna
Vehumet

Annotations:
D:3 kuniqs's ghost, amateur GnFi


Innate Abilities, Weirdness & Mutations

You do not eat or drink.
Your flesh is vulnerable to fire.
You are immune to poison.
Your flesh is cold resistant. (rC+)
You are immune to negative energy. (rN+++)
You are immune to unholy pain and torment.
You can survive without breathing.


Message History

The iguana hisses menacingly.
There is a stone staircase leading down here. (m)acro, (M)acro raw, keymap [(k) default, (x) level-map, (t)argeting, (c)onfirm, m(e)nu], (s)ave?
Input macro trigger key: & Current Action: zh Do you wish to (r)edefine, (c)lear, or (a)bort?
Input macro action: ullln Created macro '&' => 'ullln'.
The iguana bites you.
There is a stone staircase leading down here. (m)acro, (M)acro raw, keymap [(k) default, (x) level-map, (t)argeting, (c)onfirm, m(e)nu], (s)ave?
Input macro trigger key: & Current Action: ullln Do you wish to (r)edefine, (c)lear, or (a)bort?
Input macro action: ulllnjbhhhhyu Created macro '&' => 'ulllnjbhhhhyu'.
You hit the iguana.
The iguana is lightly wounded.
The iguana bites you!
You die...

#.............#####.##.#.#
#....# ...#######....# #.##.#.#
#..### #........#....# #.##.#.#
#..# #.######.#....#####.##.#.#
#..# #.#
#...............#.###..#
..########....................#
.............####.............#
#.########..#####l###.##.######
#.# #......@.# #....# ..#
#.######.###.#### ###
#.#######...## #..........##
############


You could see an iguana.

Vanquished Creatures
  Terence (D:2)
  2 adders (D:3)
  4 worms
  3 leopard geckos
  A giant cockroach (D:2)
  10 goblins
  10 hobgoblins
  2 jackals (D:3)
  A quokka (D:2)
  A ball python (D:1)
  2 bats (D:1)
  2 frilled lizards
  4 kobolds
  3 rats
46 creatures vanquished.

Notes
Turn   | Place    | Note
-------+----------+-------------------------------------------
     0 | D:1      | Gorglomux the Mummy Necromancer began the quest for the Orb.
     0 | D:1      | Reached XP level 1. HP: 13/13 MP: 4/4
   162 | D:1      | Reached skill level 3 in Spellcasting
   304 | D:1      | Reached XP level 2. HP: 17/19 MP: 0/6
  1091 | D:2      | Found a stormy altar of Qazlal.
  1093 | D:2      | Found a radiant altar of Vehumet.
  1093 | D:2      | Found a burning altar of Makhleb.
  1094 | D:2      | Found a sparkling altar of Nemelex Xobeh.
  1330 | D:2      | Reached XP level 3. HP: 14/24 MP: 0/8
  1753 | D:2      | Found a deep blue altar of Sif Muna.
  1761 | D:2      | Noticed Terence
  1795 | D:2      | Killed Terence
  1795 | D:2      | Reached skill level 1 in Fighting
  1843 | D:2      | Reached XP level 4. HP: 32/32 MP: 8/10
  1998 | D:2      | Became a worshipper of Sif Muna the Loreminder
  2150 | D:3      | Noticed kuniqs's ghost (amateur GnFi)
  2167 | D:3      | Found a hazy altar of Hepliaklqana.
  2210 | D:3      | Learned a level 4 spell: Animate Dead
  2222 | D:3      | Learned a level 4 spell: Control Undead
  2635 | D:2      | Slain by an iguana

Vault maps used:
D:1:      saegor_arrival_simple_a
D:2:      grunt_temple_overflow_open, lemuel_round_altar, first_bread,
          uniq_terence
D:3:      lemuel_round_altar

Skill      XL: |  1  2  3 |
---------------+----------+-----
Spellcasting   | 3 4 |  4.4
Fighting       | 1 |  1.5
Dodging        | |  1.5
Stealth        | |  1.5
Necromancy     | |  4.8

Action                   |  1- 3 |  4- 6 || total
-------------------------+-------+-------++-------
Melee: Unarmed           |    16 |       ||    16
       Dagger            |    18 |     8 ||    26
       Spear             |       |    14 ||    14
 Cast: Pain              |    87 |    35 ||   122
       Animate Dead      |       |     2 ||     2
 Stab: Sleeping          |       |     1 ||     1
Armor: Robe              |     8 |     6 ||    14
Dodge: Dodged            |    28 |    19 ||    47
